 Dungeon Crawl Stone Soup version 0.20-a0-864-g92acfd1 (webtiles) character file.

32 dvd the Grasshopper (level 3, -1/28 HPs)
             Began as a Demonspawn Warper on Mar 12, 2017.
             Slain by an adder (3 damage)
             ... on level 1 of the Dungeon.
             The game lasted 00:03:29 (1228 turns).

dvd the Grasshopper (Demonspawn Warper)             Turns: 1228, Time: 00:03:30

Health: -1/28      AC:  7    Str: 11    XL:     3   Next: 10%
Magic:  4/6        EV: 12    Int: 20    God:
Gold:   121        SH:  0    Dex: 12    Spells: 4/6 levels left

rFire    . . .     SeeInvis .   m - -3 whip (curse)
rCold    + . .     Gourm    .   b - +1 leather armour
rNeg     . . .     Faith    .   (no shield)
rPois    .         Spirit   .   i - +0 helmet (curse)
rElec    .         Reflect  .   (no cloak)
rCorr    .         Harm     .   (no gloves)
MR       .....                  (no boots)
Stlth    +.........             (no amulet)
Regen    0.1/turn               (no ring)
MPRegen  0.1/turn               (no ring)

@: brilliant, lethally poisoned (-1 -> -5)
A: thin metallic scales 1, cold resistance 1
a: no special abilities


You were on level 1 of the Dungeon.
You were very hungry.

You visited 1 branch of the dungeon, and saw 2 of its levels.

You collected 121 gold pieces.

Inventory:

Hand Weapons
 a - a +0 hand axe
 m - a cursed -3 whip (weapon)
Missiles
 e - 5 tomahawks of dispersal
 j - 3 tomahawks
 k - 5 javelins (quivered)
Armour
 b - a +1 leather armour (worn)
 i - a cursed +0 helmet (worn)
Scrolls
 d - a scroll of blinking
 g - 2 scrolls of identify
Books
 c - a book of Spatial Translocations

   Spells                             Type                      Level
   a - Blink                          Translocation                2
   b - Shroud of Golubria             Charms/Translocation         2
   c - Lesser Beckoning               Translocation                3
   d - Gell's Gravitas                Translocation                3
   e - Teleport Other                 Translocation                3
   f - Passage of Golubria            Translocation                4
Comestibles
 f - a bread ration
 h - a royal jelly


   Skills:
 + Level 2.3 Fighting
 + Level 2.1(2.2) Axes
 + Level 0.1(1.2) Maces & Flails
 + Level 1.2 Throwing
 + Level 1.4 Armour
 + Level 1.9 Dodging
 + Level 0.2 Stealth
 + Level 2.1 Spellcasting
 + Level 2.6 Translocations


You had 4 spell levels left.
You knew the following spells:

 Your Spells              Type           Power        Failure   Level  Hunger
a - Shroud of Golubria    Chrm/Tloc      ###.......   2%          2    ##.....


Dungeon Overview and Level Annotations

Branches:
Dungeon (2/15)

Altars:

Annotations:
D:2 Terence


Innate Abilities, Weirdness & Mutations

You are partially covered in thin metallic scales. (AC +2)
Your flesh is cold resistant. (rC+)


Message History

Casting: Shroud of Golubria
Confirm with . or Enter, or press ? or * to list all spells.
Space distorts slightly along a thin shroud covering your body.
The adder bites you.
* * * LOW HITPOINT WARNING * * *
You are lethally poisoned!
The adder poisons you!
Your shroud falls apart!
It was a potion of brilliance.
You feel clever all of a sudden.
* * * LOW HITPOINT WARNING * * *
You feel sick. The adder bites you but does no damage.
Unknown command.
You barely miss the adder. The adder bites you but does no damage.
The adder closely misses you.
You closely miss the adder.
* * * LOW HITPOINT WARNING * * *
You feel sick. The adder barely misses you.
You closely miss the adder. The adder closely misses you. The adder bites you.
You die...

#.....#.##......###.#.#.#.#
###....##.........# #.#+#.#.#
#.......#.##......# #.....#..
#.......#..#.##...# #.....#..
#.......#..#.##...###.....#..
#.......#..#.#.....##.....#..
#.......#..#.#.....##.....#..
#.#.....#..#.#.....##.....#.#
#.#######..#@S...............
#..........###.....##.#.#.#.#
#####...##.# #.....##.#.#.#.#
#...##.# #.....##.#.#.#.#
#[..##.# ########'#.#.#(#
#...##.# #.........#.#.#
#...##.# #.....)...#.#.#
######.# #...........#.# #.#
#.....[.....#.#


You could see an adder.

Vanquished Creatures
  An adder (D:2)
  An ooze (D:2)
  A dart slug (D:1)
  2 bats (D:1)
  2 goblins (D:1)
  2 hobgoblins
  2 kobolds (D:1)
  2 ball pythons
  2 frilled lizards (D:1)
  4 rats (D:1)
19 creatures vanquished.

Notes
Turn   | Place    | Note
-------+----------+-------------------------------------------
     0 | D:1      | dvd the Demonspawn Warper began the quest for the Orb.
     0 | D:1      | Reached XP level 1. HP: 16/16 MP: 3/3
   264 | D:1      | Reached skill level 1 in Armour
   436 | D:1      | Gained mutation: Your flesh is cold resistant. (rC+) [demonic ancestry]
   436 | D:1      | Reached XP level 2. HP: 22/22 MP: 5/5
   702 | D:1      | Reached skill level 1 in Throwing
  1076 | D:2      | Learned a level 2 spell: Shroud of Golubria
  1122 | D:2      | Gained mutation: You are partially covered in thin metallic scales. (AC +2) [demonic ancestry]
  1122 | D:2      | Reached XP level 3. HP: 25/28 MP: 1/6
  1142 | D:2      | Noticed Terence
  1228 | D:1      | Slain by an adder

Vault maps used:
D:1:      eino_arrival_water_star, minivault_14, kennysheep_another_room
D:2:      bh_walls_and_bars, uniq_iyjb, uniq_terence

Skill      XL: |  1  2 |
---------------+-------+-----
Axes           | 2 |  2.1
Armour         | 1 |  1.4
Throwing       | 1 |  1.2
Fighting       | |  2.3
Maces & Flails | |  0.1
Dodging        | |  1.9
Stealth        | |  0.2
Spellcasting   | |  2.1
Translocations | |  2.6

Action                   || total
-------------------------++-------
Melee: Hand axe          ||    36
       Whip              ||    55
Throw: Javelin           ||    29
 Cast: Shroud of Golubri ||     5
  Use: Scroll            ||     2
       Potion            ||     2
Armor: Leather armour    ||    25
Dodge: Dodged            ||    58
